 Dungeon Sprint DCSS version 0.21-a0-442-g848f44b (webtiles) character file.

79377 KristoblXynda the Fencer (level 15, 0/159 HPs)
             Began as a Pale Draconian Fighter on Nov 13, 2017.
             Was the Champion of Jiyva.
             Killed from afar by a black draconian (11 damage)
             ... with a bolt of lightning
             ... in the Dungeon (Sprint V: "Ziggurat Sprint").
             The game lasted 00:36:58 (1895 turns).

KristoblXynda the Fencer (Pale Draconian Fighter)   Turns: 1895, Time: 00:36:59

Health: 0/159      AC: 25    Str: 26    XL:     15   Next: 20%
Magic:  27/33      EV: 32    Int: 10    God:    Jiyva [******]
Gold:   0          SH: 19    Dex: 22    Spells: 22/42 levels left

rFire    + + .     SeeInvis .   z - +9 sword of Zonguldrok {reap}
rCold    + + .     Gourm    .   K - +4 shield
rNeg     + . .     Faith    .   (armour unavailable)
rPois    ∞         Spirit   .   (helmet restricted)
rElec    +         Reflect  .   (no cloak)
rCorr    +         Harm     .   (gloves currently unavailable)
MR       ++...     NoTele   +   (boots currently unavailable)
Stlth    ++........             G - amulet of the Air {Inacc +Fly rElec EV+5 RMsl}
HPRegen  1.36/turn              D - +6 ring of strength
MPRegen  0.23/turn              y - +6 ring of dexterity

@: statue-form, resistant, flying, very slightly contaminated, regenerating,
hasted, invisible, repel missiles
A: (breathe steam), unfitting armour, antennae 1, blink, cold resistance 1, fire
resistance 1, magic resistance 1, strong 1, acidic bite, pseudopods 3,
translucent skin 1, tendrils, cold-blooded, AC +9
a: End Transformation, Blink, Request Jelly, Slimify, Cure Bad Mutation,
Renounce Religion, Stop Flying


You were in the Dungeon.
You worshipped Jiyva.
Jiyva was exalted by your worship.
You were completely stuffed.
You were a stone statue.
You visited 1 branch

Inventory:

Hand Weapons
 z - the +9 sword of Zonguldrok (weapon) {reap}
   (You found it in the Dungeon)

   If a monster killed with it leaves a corpse in good enough shape, the corpse
   will be animated as a zombie friendly to the killer.
Armour
 C - a +2 pair of boots of flying (melded)
 I - a +2 pair of gloves of strength (melded)
 K - a +4 shield (worn)
Jewellery
 y - a +6 ring of dexterity (right hand)
 D - a +6 ring of strength (left hand)
 G - the amulet of the Air (around neck) {Inacc +Fly rElec EV+5 RMsl}
   (You found it in the Dungeon)

   [amulet of inaccuracy]

   It reduces the accuracy of all your attacks.
   It affects your evasion (+5).
   It insulates you from electricity.
   It lets you fly.
   It protects you from missiles.
Wands
 J - a wand of acid (4/15)
Scrolls
 j - 2 scrolls of blinking
 p - 4 scrolls of amnesia
 q - 3 scrolls of recharging
 r - 7 scrolls of fog
 t - 5 scrolls of identify
 u - 5 scrolls of remove curse
Potions
 c - 4 potions of might
 e - 8 potions of curing
 f - 4 potions of heal wounds
 g - 9 potions of haste
 h - 7 potions of magic
 i - 3 potions of berserk rage
 k - 2 potions of brilliance
 l - a potion of invisibility
 m - 2 potions of resistance
 o - 3 potions of agility
Books
 v - a book of the Sky

   Spells                             Type                      Level
   a - Summon Lightning Spire         Summoning/Air                4
   b - Silence                        Hexes/Air                    5
   c - Deflect Missiles               Charms/Air                   6
   d - Conjure Ball Lightning         Conjuration/Air              6
   e - Tornado                        Air                          9
 E - a book of Transfigurations

   Spells                             Type                      Level
   a - Irradiate                      Conjuration/Transmutation    5
   b - Statue Form                    Transmutation/Earth          6
   c - Hydra Form                     Transmutation                6
   d - Dragon Form                    Transmutation                7
Miscellaneous
 a - a lamp of fire
 b - 4 phantom mirrors
 n - 4 boxes of beasts
 s - a phial of floods
 B - a fan of gales
 F - a lightning rod (4/4)
Comestibles
 d - 5 bread rations
 w - 42 fruits
 x - 4 meat rations
 A - 3 royal jellies


   Skills:
 - Level 8.6 Fighting
 + Level 19.6 Long Blades
 - Level 15.3 Dodging
 - Level 14.2 Shields
 - Level 6.0 Unarmed Combat
 - Level 14.0 Spellcasting
 - Level 10.2 Charms
 + Level 7.6 Necromancy
 - Level 17.3 Transmutations
 + Level 8.3 Air Magic
 - Level 14.3 Earth Magic
 - Level 12.1 Evocations


You had 22 spell levels left.
You knew the following spells:

 Your Spells              Type           Power        Failure   Level  Hunger
a - Statue Form           Tmut/Erth      #####....    2%          6    ######.
b - Regeneration          Chrm/Necr      ###.......   1%          3    #......
c - Deflect Missiles      Chrm/Air       ####......   32%         6    ######.
d - Excruciating Wounds   Chrm/Necr      ###.......   7%          5    #####..


Dungeon Overview and Level Annotations

Branches:
Dungeon (1/1)

Altars:
Ashenzari
Cheibriados
Dithmenos
Elyvilon
Fedhas
Gozag
Hepliaklqana
Kikubaaqudgha
Makhleb
Nemelex Xobeh
Okawaru
Qazlal
Ru
Sif Muna
Trog
Uskayaw
Vehumet
Wu Jian
Xom
Yredelemnul
Zin
The Shining One
Beogh
Jiyva
Lugonu

Annotations:
D 1 transporter


Innate Abilities, Weirdness & Mutations

((You can breathe blasts of scalding, opaque steam.))
((Your pale cyan-grey scales are hard. (AC +9)))
You cannot fit into any form of body armour.
You are cold-blooded and may be slowed by cold attacks.
You have a pair of small antennae on your head.
You can translocate small distances at will.
Your flesh is cold resistant. (rC+)
Your flesh is heat resistant. (rF+)
You are resistant to hostile enchantments. (MR+)
((You are covered in fur. (AC +1)))
Your muscles are strong. (Str +2)
You have acidic saliva.
Armour fits poorly on your massive pseudopods.
Your translucent skin slightly reduces your foes' accuracy. (Stealth)
You are covered in slimy tendrils that may disarm your opponents.


Message History

Unknown command.
Unknown command.
You catch the helpless purple draconian knight completely off-guard!
You carve the purple draconian knight like a ham!!!
You kill the purple draconian knight!
The purple draconian knight turns into a zombie!
Your Air Magic skill increases to level 8!
The white draconian completely misses your draconian knight zombie.
The black draconian stormcaller calls down the wrath of Qazlal upon you.
The blast of magma engulfs you! You partially resist.
* * * LOW HITPOINT WARNING * * *
The blast of magma engulfs the white draconian stormcaller.
The blast of magma engulfs your draconian knight zombie.
The blast of magma engulfs the green draconian. x3
The blast of magma engulfs the black draconian.
The blast of magma engulfs the white draconian.
The black draconian is engulfed in blazing flames.
The black draconian breathes lightning at you.
The bolt of lightning hits you! You resist.
You die...

▓.......©.....(.▓..=........
▓▓▓▓▓▓▓▓▓▓▓▓▓▓▓▓▓...........
...8©8......▓...........
|)[).|[|:)..▓...........
[[}:|}):)...▓J..........
...[d)))....▓...........
......q.....▓...........
.....ddd.d..▓..▓.......▓
.......ddZ8qd..▓...........
▓ ......d.ddd§..▓...........
▓. ......Zkd.k..▓......©....
▓. §.k..l.d.d..▓▓▓▓▓▓▓▓▓▓▓▓
▓.. ▓§§...q.▓...▓ 88 88
▓.d▓▓▓..§..▓▓▓..▓8, , ,,
▓.k.▓[......▓...▓ , , ,©
▓kq.)...).......▓ , ,,
▓.k..)..©.......


8 8 8 You could see 4 draconians, 5 draconians, 3 draconians, 3 draconians, a
purple draconian shifter, 2 draconians, 2 death drakes, a komodo dragon, a rime
drake, a friendly yellow draconian zombie and a friendly draconian knight
zombie.

Vanquished Creatures
  A greater mummy (D)
  4 deep elf master archers (D)
  A draconian monk (D)
  A frost giant (D)
  A deep elf sorcerer (D)
  2 iron dragons (D)
  2 draconian knights (D)
  A ghoul (D)
  A vampire knight (D)
  A reaper (D)
  A purple draconian (D)
  3 yellow draconians (D)
  2 white draconians (D)
  A deep elf demonologist (D)
  2 deep elf annihilators (D)
  A blizzard demon (D)
  A red draconian (D)
  2 crystal guardians (D)
  A mummy priest (D)
  A hydra (D)
  2 ice dragons (D)
  6 naga warriors (D)
  2 dancing weapons (D)
  A vampire mage (D)
  4 iron golems (D)
  A skeletal warrior (D)
  2 necromancers (D)
  An orb spider (D)
  9 deep elf magi (D)
  2 wolf spiders (D)
  7 draconians (D)
  An elephant (D)
  A black mamba (D)
  2 guardian serpents (D)
  4 spiny frogs (D)
  A gargoyle (D)
  A rust devil (D)
  A torpor snail (D)
  A yaktaur (D)
  2 ice devils (D)
  2 freezing wraiths (D)
  A komodo dragon (D)
  A tormentor (D)
  2 guardian mummies (D)
  2 demonic crawlers (D)
  2 hornets (D)
  2 polar bears (D)
  5 merfolk (D)
  3 jumping spiders (D)
  A hippogriff (D)
  A blink frog (shapeshifter) (D)
  An ushabti (D)
  A wraith (D)
  3 flying skulls (D)
  A redback (D)
  4 shadows (D)
  2 tarantellas (D)
  An air elemental (D)
  A fire elemental (D)
  2 vampires (D)
  2 yaks (D)
  4 insubstantial wisps (D)
  2 nagas (D)
  3 hell hounds (D)
  2 porcupines (D)
  5 water moccasins (D)
  3 ice beasts (D)
  A crocodile (D)
  A bullfrog (D)
  4 earth elementals (D)
  2 wights (D)
  An iron imp (D)
  A jelly (D)
  A mummy (D)
  An adder (D)
  A shadow imp (D)
  An ufetubus (D)
  An adder zombie (D)
  An adder skeleton (D)
  An adder simulacrum (D)
  A bat skeleton (D)
  2 bat zombies (D)
  2 ball pythons (D)
  A ball python zombie (D)
  2 giant cockroach simulacra (D)
  2 giant cockroach zombies (D)
  2 jackal skeletons (D)
  A quokka simulacrum (D)
170 creatures vanquished.

Vanquished Creatures (collateral kills)
  A nagaraja (D)
  A reaper (D)
  A purple draconian (D)
  A red draconian (D)
  A blizzard demon (D)
  A rakshasa (D)
  5 vault guards (D)
  An anaconda (D)
  An orb spider (D)
  4 draconians (D)
  A rust devil (D)
  A freezing wraith (D)
  A tormentor (D)
  A demonic crawler (D)
  A red devil (D)
  4 merfolk (D)
  2 jumping spiders (D)
  A polar bear (D)
  A hornet (D)
  A shadow (D)
  A redback (D)
  3 water moccasins (D)
  A wight (D)
  2 adders (D)
  A white imp (D)
  2 ball pythons (D)
41 creatures vanquished.

Vanquished Creatures (others)
  A deep elf blademaster (D)
  A draconian monk (D)
  A deep elf sorcerer (D)
  A draconian annihilator (D)
  A purple draconian (D)
  A blizzard demon (D)
  2 spatial maelstroms (D)
  A deep elf mage (D)
  2 black mambas (D)
  A water elemental (D)
  18 jellies (D)
  A ball python (D)
  3 bat skeletons (D)
  A giant cockroach zombie (D)
35 creatures vanquished.

Grand Total: 246 creatures vanquished

Notes
Turn   | Place    | Note
-------+----------+-------------------------------------------
     0 | D        | Found the +6 Majin-Bo {vamp, Archmagi MP+6 Int+6}
     0 | D        | Found the +7 great mace "Firestarter" {inner flame, rF++}
     0 | D        | KristoblXynda the Draconian Fighter began the quest for the Orb.
     0 | D        | Reached XP level 1. HP: 19/19 MP: 1/1
     0 | D        | Found a deep blue altar of Sif Muna.
     0 | D        | Found a sacrificial altar of Ru.
     0 | D        | Found a bloodstained altar of Trog.
     0 | D        | Found a stormy altar of Qazlal.
     0 | D        | Found an iron altar of Okawaru.
     0 | D        | Found a sparkling altar of Nemelex Xobeh.
     0 | D        | Found a blossoming altar of Fedhas.
     2 | D        | Found a transporter.
     2 | D        | Found an ancient bone altar of Kikubaaqudgha.
     2 | D        | Found a viscous altar of Jiyva.
     2 | D        | Found a corrupted altar of Lugonu.
     2 | D        | Found a hazy altar of Hepliaklqana.
     2 | D        | Found a burning altar of Makhleb.
     2 | D        | Found an opulent altar of Gozag.
     5 | D        | Banished a spatial maelstrom
    10 | D        | Found the +9 heavy crossbow "Sniper" {velocity, Acc+∞ SInv}
    10 | D        | Found the +10 dark maul {crush}
    10 | D        | Found the +15 Maxwell's patent armour {-Cast -Tele rElec MR+ rCorr}
    10 | D        | Found the +18 shield of the Gong {rElec rN+ MR+ EV-5}
    10 | D        | Found the cursed +14 obsidian axe {chop, +Fly SInv *Curse}
    11 | D        | Found the +6 shillelagh "Devastator" {shatter}
    11 | D        | Found the +11 plutonium sword {*Contam Stlth-}
    11 | D        | Found the +8 lance "Wyrmbane" {slay drac, rPois rF+ rC+ AC+3}
    11 | D        | Found the +9 sword of Zonguldrok {reap}
    11 | D        | Found the cursed +13 scythe of Curses {drain, *Curse}
    11 | D        | Found the +0 sword of Power
    11 | D        | Found the -4 mace of Variability {chaos}
    11 | D        | Found the +7 Singing Sword
    11 | D        | Found the +7 longbow "Piercer" {penet, EV-2}
    38 | D        | Banished a spatial maelstrom
    69 | D        | Became a worshipper of Jiyva Juyc the Shapeless
    72 | D        | Reached * piety under Jiyva
    75 | D        | Reached skill level 6 in Long Blades
    75 | D        | Reached skill level 5 in Shields
    75 | D        | Reached XP level 2. HP: 26/26 MP: 2/2
    75 | D        | Reached ** piety under Jiyva
    75 | D        | Reached *** piety under Jiyva
    75 | D        | Gained mutation: Your large and strong wings let you fly indefinitely. [Jiyva's grace]
    77 | D        | Reached **** piety under Jiyva
    77 | D        | Gained mutation: You expend magic power (3 MP) to strengthen your wands. [Jiyva's grace]
    77 | D        | Reached ***** piety under Jiyva
    77 | D        | Gained mutation: Your translucent skin slightly reduces your foes' accuracy. (Stealth) [Jiyva's grace]
    77 | D        | Gained mutation: You are covered in slimy tendrils that may disarm your opponents. [Jiyva's grace]
    77 | D        | Reached ****** piety under Jiyva
    77 | D        | Lost mutation: You expend magic power (3 MP) to strengthen your wands. [Jiyva's grace]
    79 | D        | Lost mutation: Your translucent skin slightly reduces your foes' accuracy. (Stealth) [Jiyva's grace]
    79 | D        | Gained mutation: Your muscles are strong. (Str +2) [Jiyva's grace]
    82 | D        | Lost mutation: Your muscles are strong. (Str +2) [Jiyva's grace]
    82 | D        | Gained mutation: Your rubbery body absorbs attacks. (AC +1, EV +1) [Jiyva's grace]
    82 | D        | Gained mutation: Your spells are a little harder to cast, but a little more powerful. [Jiyva's grace]
    82 | D        | Lost mutation: Your rubbery body absorbs attacks. (AC +1, EV +1) [Jiyva's grace]
    84 | D        | Gained mutation: You have supernaturally acute eyesight. (SInv) [Jiyva's grace]
    85 | D        | Lost mutation: Your large and strong wings let you fly indefinitely. [Jiyva's grace]
    85 | D        | Lost mutation: Your spells are a little harder to cast, but a little more powerful. [Jiyva's grace]
    87 | D        | Gained mutation: Your translucent skin slightly reduces your foes' accuracy. (Stealth) [Jiyva's grace]
    87 | D        | Gained mutation: You possess an exceptional clarity of mind. [Jiyva's grace]
    89 | D        | Gained mutation: Your body has grown golden eyes which may confuse attackers. (Acc +3) [Jiyva's grace]
    89 | D        | Gained mutation: Your flesh is heat resistant. (rF+) [Jiyva's grace]
    92 | D        | Gained mutation: You have a pair of small horns on your head. [Jiyva's grace]
    92 | D        | Gained mutation: Your natural rate of healing is unusually fast. [Jiyva's grace]
    92 | D        | Gained mutation: You are dopey. (Int -2) [Jiyva's grace]
    92 | D        | Gained mutation: Your muscles are strong. (Str +2) [Jiyva's grace]
    92 | D        | Gained mutation: You are robust. (+10% HP) [Jiyva's grace]
    92 | D        | Gained mutation: Your rubbery body absorbs attacks. (AC +1, EV +1) [Jiyva's grace]
    92 | D        | Lost mutation: Your rubbery body absorbs attacks. (AC +1, EV +1) [Jiyva's grace]
    92 | D        | Lost mutation: Your muscles are strong. (Str +2) [Jiyva's grace]
    92 | D        | Lost mutation: You are dopey. (Int -2) [Jiyva's grace]
    92 | D        | Gained mutation: Your tail ends in a poisonous barb. [Jiyva's grace]
    92 | D        | Gained mutation: You have an increased reservoir of magic. (+10% MP) [Jiyva's grace]
    92 | D        | Lost mutation: You have a pair of small horns on your head. [Jiyva's grace]
    93 | D        | Lost mutation: Your body has grown golden eyes which may confuse attackers. (Acc +3) [Jiyva's grace]
    93 | D        | Gained mutation: Your translucent skin reduces your foes' accuracy. (Stealth) [Jiyva's grace]
    93 | D        | Lost mutation: You possess an exceptional clarity of mind. [Jiyva's grace]
    93 | D        | Lost mutation: Your translucent skin reduces your foes' accuracy. (Stealth) [Jiyva's grace]
    93 | D        | Lost mutation: You have an increased reservoir of magic. (+10% MP) [Jiyva's grace]
    93 | D        | Lost mutation: You have supernaturally acute eyesight. (SInv) [Jiyva's grace]
    95 | D        | Gained mutation: You have sharp toenails. [Jiyva's grace]
    98 | D        | Gained mutation: You are resistant to hostile enchantments. (MR+) [Jiyva's grace]
   104 | D        | Lost mutation: Your flesh is heat resistant. (rF+) [Jiyva's grace]
   109 | D        | Lost mutation: Your tail ends in a poisonous barb. [Jiyva's grace]
   113 | D        | Gained mutation: You are agile. (Dex +2) [Jiyva's grace]
   116 | D        | Gained mutation: You have a small jelly attached to you that may absorb incoming projectiles. [Jiyva's grace]
   123 | D        | Entered arena 2.
   123 | D        | Noticed an ice beast
   123 | D        | Found a transporter.
   125 | D        | Killed an ice beast
   125 | D        | Reached skill level 7 in Long Blades
   125 | D        | Reached XP level 3. HP: 34/34 MP: 3/3
   125 | D        | Reached XP level 4. HP: 41/41 MP: 4/4
   126 | D        | Lost mutation: You are agile. (Dex +2) [Jiyva's grace]
   131 | D        | Entered arena 3.
   131 | D        | Gained mutation: You have a small jelly attached to you that senses nearby items. [Jiyva's grace]
   131 | D        | Found a transporter.
   134 | D        | Reached skill level 5 in Dodging
   134 | D        | Reached skill level 8 in Long Blades
   136 | D        | Gained mutation: You are highly resistant to hostile enchantments. (MR++) [Jiyva's grace]
   137 | D        | Reached XP level 5. HP: 49/49 MP: 5/5
   140 | D        | Gained mutation: Your mind is acute. (Int +2) [Jiyva's grace]
   143 | D        | Entered arena 4.
   143 | D        | Noticed an insubstantial wisp
   143 | D        | Noticed an insubstantial wisp
   143 | D        | Noticed an insubstantial wisp
   143 | D        | Noticed an insubstantial wisp
   143 | D        | Found a transporter.
   145 | D        | Gained mutation: You are very robust. (+20% HP) [Jiyva's grace]
   146 | D        | Killed an insubstantial wisp
   146 | D        | Killed an insubstantial wisp
   146 | D        | Reached skill level 9 in Long Blades
   146 | D        | Reached XP level 6. HP: 57/61 MP: 6/6
   147 | D        | Killed an insubstantial wisp
   147 | D        | Reached skill level 10 in Long Blades
   151 | D        | Gained mutation: Your mind is very acute. (Int +4) [Jiyva's grace]
   153 | D        | Killed an insubstantial wisp
   153 | D        | Your scales start taking on a pale cyan-grey colour.
   153 | D        | Reached XP level 7. HP: 59/68 MP: 7/7
   155 | D        | Gained mutation: Your spells are a little harder to cast, but a little more powerful. [Jiyva's grace]
   159 | D        | Entered arena 5.
   159 | D        | Noticed a merfolk
   159 | D        | Noticed a merfolk
   159 | D        | Noticed a merfolk
   159 | D        | Noticed a merfolk
   159 | D        | Found a transporter.
   160 | D        | Lost mutation: You have sharp toenails. [Jiyva's grace]
   165 | D        | Killed a merfolk
   165 | D        | Reached skill level 10 in Shields
   166 | D        | Lost mutation: You are covered in slimy tendrils that may disarm your opponents. [Jiyva's grace]
   167 | D        | Killed a merfolk
   167 | D        | Reached skill level 5 in Fighting
   167 | D        | Reached skill level 11 in Long Blades
   167 | D        | Reached XP level 8. HP: 79/82 MP: 8/8
   168 | D        | Killed a merfolk
   168 | D        | Killed a merfolk
   170 | D        | Gained mutation: You evolve. [Jiyva's grace]
   173 | D        | Gained mutation: Your tail ends in a poisonous barb. [Jiyva's grace]
   178 | D        | Lost mutation: Your translucent skin slightly reduces your foes' accuracy. (Stealth) [Jiyva's grace]
   180 | D        | Gained mutation: You are resistant to electric shocks. (rElec) [Jiyva's grace]
   182 | D        | Lost mutation: You are very robust. (+20% HP) [Jiyva's grace]
   184 | D        | Lost mutation: You have a small jelly attached to you that senses nearby items. [Jiyva's grace]
   185 | D        | Lost mutation: Your tail ends in a poisonous barb. [Jiyva's grace]
   188 | D        | Lost mutation: You have a small jelly attached to you that may absorb incoming projectiles. [Jiyva's grace]
   188 | D        | Gained mutation: You have sharp toenails. [Jiyva's grace]
   192 | D        | Lost mutation: Your mind is very acute. (Int +4) [Jiyva's grace]
   194 | D        | Gained mutation: Your system is resistant to poisons. (rPois) [Jiyva's grace]
   195 | D        | Entered arena 6.
   195 | D        | Noticed a merfolk
   195 | D        | Noticed a merfolk
   195 | D        | Noticed a merfolk
   195 | D        | Noticed a merfolk
   195 | D        | Noticed a merfolk
   195 | D        | Found a transporter.
   196 | D        | Lost mutation: You have sharp toenails. [Jiyva's grace]
   200 | D        | Killed a merfolk
   202 | D        | Gained mutation: You are agile. (Dex +2) [Jiyva's grace]
   202 | D        | Killed a merfolk
   204 | D        | Killed a merfolk
   205 | D        | Killed a merfolk
   207 | D        | Killed a merfolk
   207 | D        | Reached skill level 12 in Long Blades
   207 | D        | Reached skill level 10 in Dodging
   207 | D        | Reached XP level 9. HP: 70/89 MP: 9/9
   209 | D        | Gained mutation: Your translucent skin slightly reduces your foes' accuracy. (Stealth) [Jiyva's grace]
   213 | D        | Lost mutation: You evolve. [Jiyva's grace]
   218 | D        | Lost mutation: Your translucent skin slightly reduces your foes' accuracy. (Stealth) [Jiyva's grace]
   218 | D        | Lost mutation: You are robust. (+10% HP) [Jiyva's grace]
   221 | D        | Gained mutation: Armour fits poorly on your pseudopods. [Jiyva's grace]
   222 | D        | Gained mutation: You have acidic saliva. [Jiyva's grace]
   224 | D        | Gained mutation: You have a pair of small antennae on your head. [Jiyva's grace]
   224 | D        | Gained mutation: You have a pair of antennae on your head. [Jiyva's grace]
   227 | D        | Gained mutation: You have a small jelly attached to you that senses nearby items. [Jiyva's grace]
   228 | D        | Lost mutation: Your mind is acute. (Int +2) [Jiyva's grace]
   229 | D        | Lost mutation: You are agile. (Dex +2) [Jiyva's grace]
   231 | D        | Lost mutation: You have a pair of antennae on your head. [Jiyva's grace]
   231 | D        | Gained mutation: You passively map a small area around you. [Jiyva's grace]
   233 | D        | Lost mutation: Your natural rate of healing is unusually fast. [Jiyva's grace]
   235 | D        | Lost mutation: You are highly resistant to hostile enchantments. (MR++) [Jiyva's grace]
   238 | D        | Entered arena 7.
   239 | D        | Found a transporter.
   241 | D        | Gained mutation: Your large and strong wings let you fly indefinitely. [Jiyva's grace]
   243 | D        | Reached skill level 1 in Evocations
   245 | D        | Lost mutation: Your system is resistant to poisons. (rPois) [Jiyva's grace]
   249 | D        | Lost mutation: You passively map a small area around you. [Jiyva's grace]
   256 | D        | Gained mutation: Your mind is acute. (Int +2) [Jiyva's grace]
   259 | D        | Gained mutation: You are agile. (Dex +2) [Jiyva's grace]
   261 | D        | Lost mutation: You are resistant to hostile enchantments. (MR+) [Jiyva's grace]
   262 | D        | Entered arena 8.
   262 | D        | Noticed a draconian
   262 | D        | Noticed a purple draconian
   262 | D        | Noticed a draconian
   262 | D        | Noticed a draconian
   262 | D        | Noticed a draconian
   262 | D        | Noticed a red draconian
   263 | D        | Found a transporter.
   267 | D        | Killed a draconian
   269 | D        | Killed a draconian
   269 | D        | Gained mutation: You have sharp fingernails. [Jiyva's grace]
   269 | D        | Lost mutation: You have acidic saliva. [Jiyva's grace]
   269 | D        | Lost mutation: You have a pair of small antennae on your head. [Jiyva's grace]
   269 | D        | Lost mutation: You are agile. (Dex +2) [Jiyva's grace]
   271 | D        | Killed a draconian
   273 | D        | Lost mutation: Your spells are a little harder to cast, but a little more powerful. [Jiyva's grace]
   274 | D        | Killed a red draconian
   274 | D        | Reached skill level 5 in Evocations
   276 | D        | Killed a purple draconian
   276 | D        | Reached skill level 13 in Long Blades
   276 | D        | Reached XP level 10. HP: 77/88 MP: 14/14
   279 | D        | Killed a draconian
   282 | D        | Gained mutation: You have acidic saliva. [Jiyva's grace]
   285 | D        | Got the ring of the Shrike {Fire +Blink MP+9 Str-3 Slay+4}
   291 | D        | Lost mutation: Your mind is acute. (Int +2) [Jiyva's grace]
   295 | D        | Gained mutation: You are clumsy. (Dex -2) [Jiyva's grace]
   296 | D        | Gained mutation: Your rubbery body absorbs attacks. (AC +1, EV +1) [Jiyva's grace]
   299 | D        | Gained mutation: Your body has grown golden eyes which may confuse attackers. (Acc +3) [Jiyva's grace]
   305 | D        | Lost mutation: You have a small jelly attached to you that senses nearby items. [Jiyva's grace]
   306 | D        | Gained mutation: You have a small jelly attached to you that senses nearby items. [Jiyva's grace]
   314 | D        | Gained mutation: You have supernaturally acute eyesight. (SInv) [Jiyva's grace]
   316 | D        | Lost mutation: You have acidic saliva. [Jiyva's grace]
   319 | D        | Entered arena 9.
   320 | D        | Found the amulet of the Air {Inacc +Fly rElec EV+5 RMsl}
   320 | D        | Found the +6 lightning scales {run, rElec}
   320 | D        | Found a transporter.
   324 | D        | Gained mutation: You are covered in slimy tendrils that may disarm your opponents. [Jiyva's grace]
   337 | D        | Gained mutation: Your muscles are strong. (Str +2) [Jiyva's grace]
   343 | D        | Lost mutation: Your large and strong wings let you fly indefinitely. [Jiyva's grace]
   356 | D        | Gained mutation: Your tail ends in a poisonous barb. [Jiyva's grace]
   357 | D        | Lost mutation: Your muscles are strong. (Str +2) [Jiyva's grace]
   361 | D        | Gained mutation: Armour fits poorly on your large pseudopods. [Jiyva's grace]
   364 | D        | Gained mutation: Your flesh is heat resistant. (rF+) [Jiyva's grace]
   370 | D        | Entered arena 10.
   370 | D        | Noticed a vault guard
   370 | D        | Noticed a vault guard
   370 | D        | Noticed a vault guard
   370 | D        | Noticed a vault guard
   370 | D        | Noticed a vault guard
   370 | D        | Noticed a rakshasa
   370 | D        | Gained mutation: Your body has grown many golden eyes which may confuse attackers. (Acc +5) [Jiyva's grace]
   371 | D        | Found a transporter.
   372 | D        | Gained mutation: Your tail ends in a sharp poisonous barb. [Jiyva's grace]
   374 | D        | Gained mutation: You have sharp toenails. [Jiyva's grace]
   374 | D        | Gained mutation: Your spells are a little harder to cast, but a little more powerful. [Jiyva's grace]
   377 | D        | Killed a vault guard
   377 | D        | Lost mutation: Your spells are a little harder to cast, but a little more powerful. [Jiyva's grace]
   384 | D        | Killed a vault guard
   385 | D        | Killed a rakshasa
   385 | D        | Reached skill level 14 in Long Blades
   386 | D        | Gained mutation: You have acidic saliva. [Jiyva's grace]
   386 | D        | Lost mutation: You have supernaturally acute eyesight. (SInv) [Jiyva's grace]
   388 | D        | Killed a vault guard
   389 | D        | Killed a vault guard
   390 | D        | Lost mutation: You have sharp fingernails. [Jiyva's grace]
   392 | D        | Killed a vault guard
   392 | D        | Reached XP level 11. HP: 94/94 MP: 18/18
   393 | D        | Lost mutation: You have sharp toenails. [Jiyva's grace]
   393 | D        | Lost mutation: You are clumsy. (Dex -2) [Jiyva's grace]
   393 | D        | Lost mutation: You are covered in slimy tendrils that may disarm your opponents. [Jiyva's grace]
   398 | D        | Lost mutation: Your flesh is heat resistant. (rF+) [Jiyva's grace]
   409 | D        | Gained mutation: Your muscles are strong. (Str +2) [Jiyva's grace]
   409 | D        | Lost mutation: Your muscles are strong. (Str +2) [Jiyva's grace]
   411 | D        | Lost mutation: Your body has grown many golden eyes which may confuse attackers. (Acc +5) [Jiyva's grace]
   413 | D        | Entered arena 11.
   413 | D        | Noticed a yellow draconian
   413 | D        | Noticed a purple draconian
   414 | D        | Found a transporter.
   414 | D        | Gained mutation: You are covered in fur. (AC +1) [Jiyva's grace]
   425 | D        | Reached skill level 10 in Evocations
   430 | D        | Lost mutation: You are resistant to electric shocks. (rElec) [Jiyva's grace]
   433 | D        | Killed a purple draconian
   433 | D        | Reached skill level 15 in Long Blades
   444 | D        | Killed a yellow draconian
   448 | D        | Gained mutation: Your magical capacity is low. (-10% MP) [Jiyva's grace]
   454 | D        | Gained mutation: You are covered in slimy tendrils that may disarm your opponents. [Jiyva's grace]
   454 | D        | Gained mutation: Your system is resistant to poisons. (rPois) [Jiyva's grace]
   454 | D        | Gained mutation: Your spells are a little harder to cast, but a little more powerful. [Jiyva's grace]
   457 | D        | Identified Zivatt's Grimoire of Black Secrets (You found it in the Dungeon)
   457 | D        | Identified Zivatt's Grimoire of Black Secrets (You found it in the Dungeon)
   457 | D        | Lost mutation: You have a small jelly attached to you that senses nearby items. [Jiyva's grace]
   465 | D        | Learned a level 6 spell: Statue Form
   471 | D        | Gained mutation: Your tail ends in a wickedly sharp and poisonous barb. [Jiyva's grace]
   472 | D        | Entered arena 12.
   472 | D        | Noticed a greater mummy
   472 | D        | Noticed a mummy priest
   474 | D        | Found a transporter.
   475 | D        | Reached skill level 1 in Transmutations
   475 | D        | Reached skill level 1 in Earth Magic
   475 | D        | Reached skill level 1 in Spellcasting
   478 | D        | Noticed a death scarab
   478 | D        | Noticed a death scarab
   478 | D        | Noticed a death scarab
   478 | D        | Noticed a death scarab
   478 | D        | Noticed a sun demon
   481 | D        | Killed a greater mummy
   481 | D        | Reached skill level 16 in Long Blades
   481 | D        | Reached skill level 5 in Transmutations
   481 | D        | Reached skill level 5 in Earth Magic
   481 | D        | Reached XP level 12. HP: 14/101 MP: 19/19
   482 | D        | Noticed a reaper
   487 | D        | Killed a mummy priest
   487 | D        | Reached skill level 5 in Spellcasting
   491 | D        | Gained mutation: You are weak. (Str -2) [Jiyva's grace]
   501 | D        | Gained mutation: You have a pair of small horns on your head. [Jiyva's grace]
   508 | D        | Got the amulet "Ryunkireel" {+Fly Regen+ Str-2 Dex+4 Slay+3}
   515 | D        | Lost mutation: Your magical capacity is low. (-10% MP) [Jiyva's grace]
   515 | D        | Lost mutation: You are weak. (Str -2) [Jiyva's grace]
   515 | D        | Lost mutation: Armour fits poorly on your large pseudopods. [Jiyva's grace]
   523 | D        | Gained mutation: You have a pair of horns on your head. [Jiyva's grace]
   529 | D        | Gained mutation: You have sharp toenails. [Jiyva's grace]
   531 | D        | Lost mutation: Your tail ends in a wickedly sharp and poisonous barb. [Jiyva's grace]
   531 | D        | Lost mutation: Your spells are a little harder to cast, but a little more powerful. [Jiyva's grace]
   531 | D        | Gained mutation: Your mind is acute. (Int +2) [Jiyva's grace]
   533 | D        | Gained mutation: You have razor-sharp toenails. [Jiyva's grace]
   533 | D        | Gained mutation: You have a small jelly attached to you that senses nearby items. [Jiyva's grace]
   534 | D        | Gained mutation: You have a small jelly attached to you that may absorb incoming projectiles. [Jiyva's grace]
   535 | D        | Lost mutation: Your tail ends in a sharp poisonous barb. [Jiyva's grace]
   536 | D        | Lost mutation: Armour fits poorly on your pseudopods. [Jiyva's grace]
   539 | D        | Lost mutation: Your mind is acute. (Int +2) [Jiyva's grace]
   539 | D        | Gained mutation: Your flesh is heat resistant. (rF+) [Jiyva's grace]
   540 | D        | Entered arena 13.
   540 | D        | Noticed a frost giant
   540 | D        | Noticed an ice dragon
   541 | D        | Noticed a blizzard demon
   541 | D        | Noticed a blizzard demon
   541 | D        | Noticed a blizzard demon
   541 | D        | Noticed an ice dragon
   543 | D        | Found a transporter.
   549 | D        | Lost mutation: You are covered in slimy tendrils that may disarm your opponents. [Jiyva's grace]
   551 | D        | Killed a blizzard demon
   552 | D        | Killed a blizzard demon
   558 | D        | Killed a blizzard demon
   558 | D        | Reached skill level 15 in Dodging
   559 | D        | Killed a frost giant
   571 | D        | Killed an ice dragon
   572 | D        | Gained mutation: Your translucent skin slightly reduces your foes' accuracy. (Stealth) [Jiyva's grace]
   577 | D        | Killed an ice dragon
   579 | D        | Gained mutation: Your natural rate of healing is unusually fast. [Jiyva's grace]
   587 | D        | Lost mutation: Your tail ends in a poisonous barb. [Jiyva's grace]
   591 | D        | Got the ring of the Lotus Blossom {MR+ Dex+3 Stlth-}
   594 | D        | Gained mutation: You can translocate small distances at will. [Jiyva's grace]
   607 | D        | Entered arena 14.
   607 | D        | Lost mutation: Your flesh is heat resistant. (rF+) [Jiyva's grace]
   610 | D        | Found a transporter.
   621 | D        | Gained mutation: Armour fits poorly on your pseudopods. [Jiyva's grace]
   628 | D        | Lost mutation: You have razor-sharp toenails. [Jiyva's grace]
   652 | D        | Got the ring "Buivea Miugh" {Ice rPois Dex+5}
   657 | D        | Entered arena 15.
   658 | D        | Noticed an iron dragon
   658 | D        | Noticed an iron dragon
   659 | D        | Noticed a crystal guardian
   659 | D        | Noticed a crystal guardian
   660 | D        | Found a transporter.
   678 | D        | Killed a crystal guardian
   678 | D        | Reached skill level 1 in Unarmed Combat
   693 | D        | Killed an iron dragon
   697 | D        | Killed a crystal guardian
   697 | D        | Reached XP level 13. HP: 39/108 MP: 25/25
   706 | D        | Killed an iron dragon
   706 | D        | Reached skill level 5 in Unarmed Combat
   712 | D        | Reached skill level 10 in Transmutations
   712 | D        | Reached skill level 10 in Earth Magic
   739 | D        | Gained mutation: You are robust. (+10% HP) [Jiyva's grace]
   742 | D        | Lost mutation: Your translucent skin slightly reduces your foes' accuracy. (Stealth) [Jiyva's grace]
   743 | D        | Gained mutation: Your translucent skin slightly reduces your foes' accuracy. (Stealth) [Jiyva's grace]
   743 | D        | Lost mutation: You have a pair of horns on your head. [Jiyva's grace]
   745 | D        | Gained mutation: Your translucent skin reduces your foes' accuracy. (Stealth) [Jiyva's grace]
   747 | D        | Gained mutation: Your pliable body absorbs attacks. (AC +2, EV +2) [Jiyva's grace]
   752 | D        | Lost mutation: You have a pair of small horns on your head. [Jiyva's grace]
   755 | D        | Gained mutation: Your flesh is cold resistant. (rC+) [Jiyva's grace]
   756 | D        | Gained mutation: Your transparent skin significantly reduces your foes' accuracy. (Stealth) [Jiyva's grace]
   761 | D        | Gained mutation: Your spells are a little harder to cast, but a little more powerful. [Jiyva's grace]
   764 | D        | Lost mutation: Your system is resistant to poisons. (rPois) [Jiyva's grace]
   778 | D        | Entered arena 16.
   778 | D        | Noticed a reaper
   779 | D        | Noticed a reaper
   785 | D        | Killed a reaper
   812 | D        | Killed a reaper
   812 | D        | Reached skill level 10 in Spellcasting
   823 | D        | Found a transporter.
   955 | D        | Entered arena 17.
   955 | D        | Noticed a ghoul
   957 | D        | Noticed a vampire knight
   965 | D        | Killed a ghoul
   978 | D        | Lost mutation: Your transparent skin significantly reduces your foes' accuracy. (Stealth) [Jiyva's grace]
   978 | D        | Gained mutation: You have a pair of small horns on your head. [Jiyva's grace]
   980 | D        | Gained mutation: You are agile. (Dex +2) [Jiyva's grace]
   980 | D        | Lost mutation: Your natural rate of healing is unusually fast. [Jiyva's grace]
   981 | D        | Gained mutation: Armour fits poorly on your large pseudopods. [Jiyva's grace]
   982 | D        | Gained mutation: You are resistant to hostile enchantments. (MR+) [Jiyva's grace]
   983 | D        | Gained mutation: Your system is resistant to poisons. (rPois) [Jiyva's grace]
   997 | D        | Killed a vampire knight
  1013 | D        | Found a transporter.
  1201 | D        | Lost mutation: Your system is resistant to poisons. (rPois) [Jiyva's grace]
  1207 | D        | Gained mutation: You possess an exceptional clarity of mind. [Jiyva's grace]
  1209 | D        | Gained mutation: You have supernaturally acute eyesight. (SInv) [Jiyva's grace]
  1213 | D        | Gained mutation: You are covered in slimy tendrils that may disarm your opponents. [Jiyva's grace]
  1215 | D        | Lost mutation: You have a pair of small horns on your head. [Jiyva's grace]
  1216 | D        | Lost mutation: Your flesh is cold resistant. (rC+) [Jiyva's grace]
  1219 | D        | Lost mutation: You are covered in slimy tendrils that may disarm your opponents. [Jiyva's grace]
  1227 | D        | Lost mutation: You are agile. (Dex +2) [Jiyva's grace]
  1232 | D        | Gained mutation: Armour fits poorly on your massive pseudopods. [Jiyva's grace]
  1232 | D        | Gained mutation: You are resistant to electric shocks. (rElec) [Jiyva's grace]
  1232 | D        | Gained mutation: Your tail ends in a poisonous barb. [Jiyva's grace]
  1232 | D        | Lost mutation: Your translucent skin reduces your foes' accuracy. (Stealth) [Jiyva's grace]
  1235 | D        | Identified the Tome of Black Rituals (You found it in the Dungeon)
  1260 | D        | Entered arena 18.
  1263 | D        | Noticed a nagaraja
  1265 | D        | Found a transporter.
  1282 | D        | Killed a nagaraja
  1350 | D        | Gained mutation: Your gelatinous body deflects attacks. (AC +3, EV +3) [Jiyva's grace]
  1351 | D        | Identified the Papyrus of Unholy Intoxication (You found it in the Dungeon)
  1353 | D        | Lost mutation: Your gelatinous body deflects attacks. (AC +3, EV +3) [Jiyva's grace]
  1354 | D        | Lost mutation: You have acidic saliva. [Jiyva's grace]
  1355 | D        | Learned a level 3 spell: Regeneration
  1358 | D        | Lost mutation: You have a small jelly attached to you that senses nearby items. [Jiyva's grace]
  1358 | D        | Gained mutation: Your translucent skin reduces your foes' accuracy. (Stealth) [Jiyva's grace]
  1360 | D        | Gained mutation: You are covered in thick fur. (AC +2) [Jiyva's grace]
  1369 | D        | Gained mutation: You have a pair of small horns on your head. [Jiyva's grace]
  1370 | D        | Lost mutation: You possess an exceptional clarity of mind. [Jiyva's grace]
  1371 | D        | Lost mutation: You are resistant to electric shocks. (rElec) [Jiyva's grace]
  1371 | D        | Gained mutation: You are agile. (Dex +2) [Jiyva's grace]
  1372 | D        | Gained mutation: You passively map a small area around you. [Jiyva's grace]
  1375 | D        | Gained mutation: You have a pair of horns on your head. [Jiyva's grace]
  1377 | D        | Lost mutation: You are covered in thick fur. (AC +2) [Jiyva's grace]
  1380 | D        | Lost mutation: Your translucent skin reduces your foes' accuracy. (Stealth) [Jiyva's grace]
  1380 | D        | Lost mutation: Armour fits poorly on your massive pseudopods. [Jiyva's grace]
  1382 | D        | Lost mutation: Your body has grown golden eyes which may confuse attackers. (Acc +3) [Jiyva's grace]
  1383 | D        | Lost mutation: Your pliable body absorbs attacks. (AC +2, EV +2) [Jiyva's grace]
  1385 | D        | Lost mutation: You have supernaturally acute eyesight. (SInv) [Jiyva's grace]
  1386 | D        | Gained mutation: Your pliable body absorbs attacks. (AC +2, EV +2) [Jiyva's grace]
  1404 | D        | Entered arena 19.
  1416 | D        | Reached XP level 14. HP: 24/127 MP: 30/30
  1417 | D        | Paralysed by a hornet for 1 turns
  1436 | D        | Found a transporter.
  1450 | D        | Identified Zeocus's Disquisition on Lightness and the Compass (You found it in the Dungeon)
  1452 | D        | Identified Rumi's Almanac of Stones and the Voyage (You found it in the Dungeon)
  1454 | D        | Identified Rumi's Almanac of Stones and the Voyage (You found it in the Dungeon)
  1463 | D        | Gained mutation: You have a small jelly attached to you that senses nearby items. [Jiyva's grace]
  1488 | D        | Gained mutation: Your mind is acute. (Int +2) [Jiyva's grace]
  1488 | D        | Lost mutation: You are agile. (Dex +2) [Jiyva's grace]
  1492 | D        | Gained mutation: Your system is resistant to poisons. (rPois) [Jiyva's grace]
  1492 | D        | Lost mutation: You have a pair of horns on your head. [Jiyva's grace]
  1492 | D        | Lost mutation: You have a pair of small horns on your head. [Jiyva's grace]
  1497 | D        | Lost mutation: Your mind is acute. (Int +2) [Jiyva's grace]
  1499 | D        | Lost mutation: You are robust. (+10% HP) [Jiyva's grace]
  1500 | D        | Lost mutation: Your spells are a little harder to cast, but a little more powerful. [Jiyva's grace]
  1504 | D        | Lost mutation: Your system is resistant to poisons. (rPois) [Jiyva's grace]
  1505 | D        | Lost mutation: Your pliable body absorbs attacks. (AC +2, EV +2) [Jiyva's grace]
  1506 | D        | Gained mutation: You are robust. (+10% HP) [Jiyva's grace]
  1507 | D        | Lost mutation: You have sharp toenails. [Jiyva's grace]
  1508 | D        | Gained mutation: You are covered in slimy tendrils that may disarm your opponents. [Jiyva's grace]
  1509 | D        | Gained mutation: Your mind is acute. (Int +2) [Jiyva's grace]
  1511 | D        | Gained mutation: Your body has grown golden eyes which may confuse attackers. (Acc +3) [Jiyva's grace]
  1511 | D        | Lost mutation: You are resistant to hostile enchantments. (MR+) [Jiyva's grace]
  1515 | D        | Lost mutation: You have a small jelly attached to you that senses nearby items. [Jiyva's grace]
  1515 | D        | Gained mutation: Your natural rate of healing is unusually fast. [Jiyva's grace]
  1516 | D        | Gained mutation: Your pliable body absorbs attacks. (AC +2, EV +2) [Jiyva's grace]
  1516 | D        | Gained mutation: Your flesh is heat resistant. (rF+) [Jiyva's grace]
  1518 | D        | Lost mutation: You have a small jelly attached to you that may absorb incoming projectiles. [Jiyva's grace]
  1518 | D        | Lost mutation: You are robust. (+10% HP) [Jiyva's grace]
  1519 | D        | Lost mutation: Your tail ends in a poisonous barb. [Jiyva's grace]
  1520 | D        | Lost mutation: Your flesh is heat resistant. (rF+) [Jiyva's grace]
  1522 | D        | Lost mutation: You can translocate small distances at will. [Jiyva's grace]
  1523 | D        | Lost mutation: Your translucent skin slightly reduces your foes' accuracy. (Stealth) [Jiyva's grace]
  1527 | D        | Gained mutation: You possess an exceptional clarity of mind. [Jiyva's grace]
  1530 | D        | Entered arena 20.
  1537 | D        | Reached skill level 1 in Charms
  1537 | D        | Gained mutation: Your spells are a little harder to cast, but a little more powerful. [Jiyva's grace]
  1541 | D        | Lost mutation: You passively map a small area around you. [Jiyva's grace]
  1541 | D        | Lost mutation: Your body has grown golden eyes which may confuse attackers. (Acc +3) [Jiyva's grace]
  1549 | D        | Lost mutation: Your pliable body absorbs attacks. (AC +2, EV +2) [Jiyva's grace]
  1557 | D        | Lost mutation: You are covered in fur. (AC +1) [Jiyva's grace]
  1557 | D        | Gained mutation: You are agile. (Dex +2) [Jiyva's grace]
  1559 | D        | Gained mutation: You have acidic saliva. [Jiyva's grace]
  1562 | D        | Found a transporter.
  1565 | D        | Gained mutation: You have a pair of small antennae on your head. [Jiyva's grace]
  1571 | D        | Lost mutation: Your spells are a little harder to cast, but a little more powerful. [Jiyva's grace]
  1574 | D        | Lost mutation: You are covered in slimy tendrils that may disarm your opponents. [Jiyva's grace]
  1577 | D        | Reached skill level 15 in Transmutations
  1581 | D        | Lost mutation: You are agile. (Dex +2) [Jiyva's grace]
  1594 | D        | Got the ring "Jyumeups" {Str+4 Stlth-}
  1643 | D        | Lost mutation: You possess an exceptional clarity of mind. [Jiyva's grace]
  1645 | D        | Gained mutation: You are robust. (+10% HP) [Jiyva's grace]
  1648 | D        | Gained mutation: Your system is resistant to poisons. (rPois) [Jiyva's grace]
  1651 | D        | Gained mutation: Your tail ends in a poisonous barb. [Jiyva's grace]
  1653 | D        | Gained mutation: Your large and strong wings let you fly indefinitely. [Jiyva's grace]
  1654 | D        | Lost mutation: Your mind is acute. (Int +2) [Jiyva's grace]
  1656 | D        | Lost mutation: Your rubbery body absorbs attacks. (AC +1, EV +1) [Jiyva's grace]
  1658 | D        | Gained mutation: Your mind is acute. (Int +2) [Jiyva's grace]
  1659 | D        | Lost mutation: Your mind is acute. (Int +2) [Jiyva's grace]
  1660 | D        | Gained mutation: Your rubbery body absorbs attacks. (AC +1, EV +1) [Jiyva's grace]
  1661 | D        | Gained mutation: You are covered in fur. (AC +1) [Jiyva's grace]
  1661 | D        | Lost mutation: You have a pair of small antennae on your head. [Jiyva's grace]
  1663 | D        | Lost mutation: Your system is resistant to poisons. (rPois) [Jiyva's grace]
  1665 | D        | Gained mutation: Armour fits poorly on your massive pseudopods. [Jiyva's grace]
  1666 | D        | Gained mutation: Your translucent skin slightly reduces your foes' accuracy. (Stealth) [Jiyva's grace]
  1666 | D        | Lost mutation: Your tail ends in a poisonous barb. [Jiyva's grace]
  1671 | D        | Gained mutation: Your translucent skin reduces your foes' accuracy. (Stealth) [Jiyva's grace]
  1675 | D        | Lost mutation: Your large and strong wings let you fly indefinitely. [Jiyva's grace]
  1677 | D        | Gained mutation: You are agile. (Dex +2) [Jiyva's grace]
  1684 | D        | Gained mutation: You are very agile. (Dex +4) [Jiyva's grace]
  1687 | D        | Entered arena 21.
  1691 | D        | Noticed a deep elf master archer
  1691 | D        | Noticed a deep elf sorcerer
  1692 | D        | Noticed a deep elf master archer
  1693 | D        | Noticed a deep elf master archer
  1693 | D        | Noticed a deep elf blademaster
  1694 | D        | Noticed a deep elf master archer
  1696 | D        | Noticed a deep elf sorcerer
  1698 | D        | Lost mutation: Your rubbery body absorbs attacks. (AC +1, EV +1) [Jiyva's grace]
  1701 | D        | Killed a deep elf sorcerer
  1701 | D        | Reached skill level 5 in Charms
  1703 | D        | Reached skill level 17 in Long Blades
  1704 | D        | Killed a deep elf blademaster
  1705 | D        | Killed a deep elf master archer
  1706 | D        | Killed a deep elf sorcerer
  1707 | D        | Found a transporter.
  1717 | D        | Killed a deep elf master archer
  1719 | D        | Killed a deep elf master archer
  1719 | D        | Reached skill level 18 in Long Blades
  1723 | D        | HP: 7/165 [deep elf master archer/arrow (15)]
  1728 | D        | Killed a deep elf master archer
  1732 | D        | Reached skill level 10 in Charms
  1774 | D        | Learned a level 6 spell: Deflect Missiles
  1780 | D        | Learned a level 5 spell: Excruciating Wounds
  1789 | D        | Lost mutation: You are very agile. (Dex +4) [Jiyva's grace]
  1820 | D        | Gained mutation: Your muscles are strong. (Str +2) [Jiyva's grace]
  1821 | D        | Gained mutation: You are covered in thick fur. (AC +2) [Jiyva's grace]
  1826 | D        | Gained mutation: Your transparent skin significantly reduces your foes' accuracy. (Stealth) [Jiyva's grace]
  1829 | D        | Gained mutation: You have a small jelly attached to you that senses nearby items. [Jiyva's grace]
  1830 | D        | Lost mutation: You are robust. (+10% HP) [Jiyva's grace]
  1831 | D        | Gained mutation: Your muscles are very strong. (Str +4) [Jiyva's grace]
  1833 | D        | Lost mutation: Your muscles are very strong. (Str +4) [Jiyva's grace]
  1833 | D        | Gained mutation: You possess an exceptional clarity of mind. [Jiyva's grace]
  1836 | D        | Lost mutation: Your natural rate of healing is unusually fast. [Jiyva's grace]
  1837 | D        | Gained mutation: Your flesh is heat resistant. (rF+) [Jiyva's grace]
  1838 | D        | Gained mutation: You have sharp toenails. [Jiyva's grace]
  1841 | D        | Lost mutation: You possess an exceptional clarity of mind. [Jiyva's grace]
  1842 | D        | Gained mutation: You are resistant to hostile enchantments. (MR+) [Jiyva's grace]
  1842 | D        | Lost mutation: You have sharp toenails. [Jiyva's grace]
  1846 | D        | Lost mutation: Your transparent skin significantly reduces your foes' accuracy. (Stealth) [Jiyva's grace]
  1846 | D        | Gained mutation: Your tail ends in a poisonous barb. [Jiyva's grace]
  1846 | D        | Lost mutation: You are agile. (Dex +2) [Jiyva's grace]
  1846 | D        | Lost mutation: Your translucent skin reduces your foes' accuracy. (Stealth) [Jiyva's grace]
  1847 | D        | Lost mutation: You are resistant to hostile enchantments. (MR+) [Jiyva's grace]
  1847 | D        | Lost mutation: Your translucent skin slightly reduces your foes' accuracy. (Stealth) [Jiyva's grace]
  1848 | D        | Gained mutation: Your mind is acute. (Int +2) [Jiyva's grace]
  1850 | D        | Gained mutation: Your flesh is cold resistant. (rC+) [Jiyva's grace]
  1850 | D        | Gained mutation: You have large cloven feet. [Jiyva's grace]
  1850 | D        | Gained mutation: Your translucent skin slightly reduces your foes' accuracy. (Stealth) [Jiyva's grace]
  1852 | D        | Gained mutation: You are covered in slimy tendrils that may disarm your opponents. [Jiyva's grace]
  1852 | D        | Gained mutation: You are resistant to hostile enchantments. (MR+) [Jiyva's grace]
  1854 | D        | Entered arena 22.
  1854 | D        | Noticed a purple draconian shifter
  1854 | D        | Noticed a white draconian annihilator
  1854 | D        | Noticed a purple draconian knight
  1854 | D        | Lost mutation: Your flesh is cold resistant. (rC+) [Jiyva's grace]
  1855 | D        | Noticed a purple draconian monk
  1858 | D        | Noticed a yellow draconian monk
  1858 | D        | Noticed a black draconian stormcaller
  1858 | D        | Lost mutation: You have large cloven feet. [Jiyva's grace]
  1860 | D        | Noticed a purple draconian knight
  1860 | D        | Gained mutation: You are agile. (Dex +2) [Jiyva's grace]
  1860 | D        | Gained mutation: You have a pair of small antennae on your head. [Jiyva's grace]
  1860 | D        | Lost mutation: You are covered in thick fur. (AC +2) [Jiyva's grace]
  1867 | D        | Reached skill level 1 in Necromancy
  1867 | D        | Gained mutation: Your large and strong wings let you fly indefinitely. [Jiyva's grace]
  1869 | D        | Lost mutation: You are agile. (Dex +2) [Jiyva's grace]
  1871 | D        | Lost mutation: Your large and strong wings let you fly indefinitely. [Jiyva's grace]
  1872 | D        | Lost mutation: Your tail ends in a poisonous barb. [Jiyva's grace]
  1872 | D        | Lost mutation: Your mind is acute. (Int +2) [Jiyva's grace]
  1872 | D        | Lost mutation: You have a small jelly attached to you that senses nearby items. [Jiyva's grace]
  1873 | D        | Killed a white draconian annihilator
  1876 | D        | Found a transporter.
  1876 | D        | Noticed a white draconian stormcaller
  1877 | D        | Found the +7 sceptre of Torment
  1877 | D        | Found the +0 mask of the Dragon {MR+ Slay+3 SInv}
  1882 | D        | Reached XP level 15. HP: 59/123 MP: 33/33
  1885 | D        | Reached skill level 19 in Long Blades
  1885 | D        | Reached skill level 5 in Air Magic
  1886 | D        | Killed a yellow draconian monk
  1886 | D        | Reached skill level 5 in Necromancy
  1889 | D        | Killed a purple draconian knight
  1893 | D        | Gained mutation: You can translocate small distances at will. [Jiyva's grace]
  1893 | D        | Killed a purple draconian monk
  1894 | D        | Gained mutation: Your flesh is cold resistant. (rC+) [Jiyva's grace]
  1895 | D        | Killed a purple draconian knight
  1895 | D        | Killed from afar by a black draconian

Vault maps used:
D:        sprint_v

Skill      XL: |  1  2  3  4  5  6  7  8  9 10 11 12 13 14 15 |
---------------+----------------------------------------------+-----
Long Blades    | 6 7 8 9 10 11 12 13 14 16 18 19 | 19.6
Shields        | 5 6 7 8 9 10 11 12 14 | 14.2
Dodging        | 4 5 7 8 10 11 12 14 15 | 15.3
Fighting       | 5 8 |  8.6
Evocations     | 6 9 12 | 12.1
Transmutations | 5 9 13 17 | 17.3
Earth Magic    | 5 9 13 14 | 14.3
Spellcasting   | 4 8 12 14 | 14.0
Unarmed Combat | 4 6 |  6.0
Charms         | 10 | 10.2
Necromancy     | 4 7 |  7.6
Air Magic      | 4 8 |  8.3

Action                   |  1- 3 |  4- 6 |  7- 9 | 10-12 | 13-15 || total
-------------------------+-------+-------+-------+-------+-------++-------
Melee: Double sword      |       |     8 |    27 |   161 |   237 ||   433
       Kick              |       |     4 |       |    74 |    78 ||   156
       Tailslap          |       |       |     9 |    60 |    91 ||   160
       Pseudopods        |       |       |     6 |    59 |   110 ||   175
       Bite              |       |       |       |    46 |    53 ||    99
       Headbutt          |       |       |       |    42 |    30 ||    72
 Cast: Statue Form       |       |       |       |       |     3 ||     3
       Regeneration      |       |       |       |       |     3 ||     3
Invok: Request Jelly     |       |       |     2 |     3 |     5 ||    10
 Abil: Fly               |       |       |     1 |       |       ||     1
       Breathe Steam     |       |       |       |     2 |     3 ||     5
Evoke: Wand              |     1 |     3 |     3 |       |       ||     7
       Lamp of fire      |       |       |     1 |     1 |     6 ||     8
       Phial of floods   |       |       |       |     1 |     2 ||     3
       Fan of gales      |       |       |       |       |     2 ||     2
       Box of beasts     |       |       |       |       |     1 ||     1
       Phantom mirror    |       |       |       |       |     1 ||     1
       Sack of spiders   |       |       |       |       |     1 ||     1
  Use: Potion            |     1 |       |       |     7 |    21 ||    29
       Scroll            |       |       |       |     1 |     7 ||     8
 Stab: Distracted        |       |       |     1 |     2 |     4 ||     7
       Confused          |       |       |       |     2 |     4 ||     6
       Invisible         |       |       |       |       |     1 ||     1
Armor: Skin              |       |       |     1 |     8 |    93 ||   102
Dodge: Dodged            |       |     1 |    28 |   206 |   633 ||   868
       Deflected         |       |       |       |     3 |    21 ||    24
Block: Shield            |       |     8 |    32 |   226 |   497 ||   763
       Rpst.: Double sword |       |     1 |     4 |    44 |   103 ||   152

Table legend:
 A = Spawn XP
 B = Non-spawn XP
 C = Spawn XP percentage of total XP
 D = Spawn monster count
 E = Non-spawn monster count
 F = Spawn count percentage of total count
 G = Total turns spent on level
                    A         B        C        D         E        F      G
               +---------+---------+-------+---------+---------+-------+---------
         Total |       0 |  113384 |   0.0 |       0 |     219 |   0.0 |  1895
               +---------+---------+-------+---------+---------+-------+---------
             D |       0 |  113384 |   0.0 |       0 |     219 |   0.0 |  1895
               +---------+---------+-------+---------+---------+-------+---------
